 Dungeon Crawl Stone Soup version 0.18-a0-824-g47fe746 (webtiles) character file.

25868 deanyohobro the Severer (level 12, -3/106 HPs)
             Began as a Minotaur Fighter on Dec 16, 2015.
             Was a High Priest of Dithmenos.
             Slain by a catoblepas (illusionary) (11 damage)
             ... on level 14 of the Dungeon on Dec 17, 2015.
             The game lasted 01:43:10 (16199 turns).

deanyohobro the Severer (Minotaur Fighter)         Turns: 16199, Time: 01:43:11

Health: -3/106     AC: 15    Str: 31    XL:     12   Next: 93%
Magic:  0/11       EV:  2    Int:  6    God:    Dithmenos [*****.]
Gold:   1126       SH:  0    Dex: 20    Spells: 4 memorised, 0 levels left

rFire  . . .     SeeInvis .     P - +6 executioner's axe (chop) {The Banger}
rCold  . . .     Gourm    .     V - +2 ring mail "Nuer" {+Inv rN+ Dex+4}
rNeg   + + +     Faith    .     (shield currently unavailable)
rPois  ∞         Spirit   +     (helmet restricted)
rElec  .         Dismiss  .     u - +0 cloak
rCorr  .         Reflect  .     X - +1 pair of gloves
SustAt .         Harm     .     L - +1 pair of boots
MR     .....                    U - amulet of guardian spirit
Stlth  ++........               J - +3 ring of strength {Ring of Smashin'}
                                o - +5 ring of strength {Ring of Bashin'}

@: petrified, wreathed by umbra, not resistant to hostile enchantments,
unstealthy
A: retaliatory headbutt, horns 2, thin skeletal structure 1, agile 1
a: Shadow Step, Shadow Form, Renounce Religion, Evoke Invisibility


You were on level 14 of the Dungeon.
You worshipped Dithmenos.
Dithmenos was extremely pleased with you.
You were not hungry.

You visited 3 branches of the dungeon, and saw 17 of its levels.
You also visited: Ossuary and Bailey.

You collected 1694 gold pieces.
You spent 568 gold pieces at shops.

Inventory:

Hand Weapons
 i - a +2 whip of electrocution
 P - a +6 executioner's axe of chopping (weapon) {The Banger}
Missiles
 k - 3 throwing nets
 v - 36 tomahawks of returning (quivered)
Armour
 r - a +2 shield
 u - a +0 cloak (worn)
 L - a +1 pair of boots (worn)
 V - the +2 ring mail "Nuer" (worn) {+Inv rN+ Dex+4}
   (You bought it in a shop on level 9 of the Dungeon)

   It affects your dexterity (+4).
   It protects you from negative energy.
   It lets you turn invisible.
 X - a +1 pair of gloves (worn)
Jewellery
 j - an uncursed ring of protection from cold
 o - a +5 ring of strength (left hand) {Ring of Bashin'}
 q - an uncursed ring of ice
 x - an uncursed ring of poison resistance
 H - an uncursed ring of see invisible
 J - a +3 ring of strength (right hand) {Ring of Smashin'}
 U - an amulet of guardian spirit (around neck)
Wands
 a - a wand of disintegration (0)
 m - a wand of digging (5)
 t - a wand of polymorph (7)
 I - a wand of polymorph (0)
 N - a wand of teleportation (1)
 Q - a wand of random effects (17)
 W - a wand of magic darts (15)
Scrolls
 p - a scroll of remove curse
 y - a scroll of teleportation
 E - 2 scrolls of amnesia
 G - 2 scrolls of random uselessness
 M - 2 scrolls of recharging
 O - a scroll of identify
Potions
 e - 2 potions of agility
 l - 2 potions of brilliance {unknown}
 s - a potion of lignification
 A - a potion of resistance
 C - a potion of curing
 D - 3 potions of haste
 F - a potion of magic
 S - a potion of flight
 T - a potion of might
Books
 b - a book of Frost

   Spells                             Type                      Level
   a - Freeze                         Ice                          1
   b - Throw Frost                    Conjuration/Ice              2
   c - Ozocubu's Armour               Charms/Ice                   3
   d - Throw Icicle                   Conjuration/Ice              4
   e - Summon Ice Beast               Ice/Summoning                4
   f - Condensation Shield            Ice                          4
 c - a book of Battle

   Spells                             Type                      Level
   a - Infusion                       Charms                       1
   b - Shroud of Golubria             Charms/Translocation         2
   c - Song of Slaying                Charms                       2
   d - Spectral Weapon                Hexes/Charms                 3
   e - Regeneration                   Charms/Necromancy            3
 h - a book of Air

   Spells                             Type                      Level
   a - Shock                          Conjuration/Air              1
   b - Swiftness                      Charms/Air                   2
   c - Repel Missiles                 Charms/Air                   2
   d - Static Discharge               Conjuration/Air              3
   e - Lightning Bolt                 Conjuration/Air              5
 B - a book of the Sky

   Spells                             Type                      Level
   a - Summon Lightning Spire         Summoning/Air                4
   b - Airstrike                      Air                          4
   c - Silence                        Hexes/Air                    5
   d - Deflect Missiles               Charms/Air                   6
   e - Conjure Ball Lightning         Conjuration/Air              6
   f - Tornado                        Air                          9
Miscellaneous
 d - a plain deck of war {drawn: 1}
 z - a plain deck of summoning {drawn: 1}
Comestibles
 f - 3 bread rations
 n - 7 meat rations
 w - 13 royal jellies
 K - 2 slices of pizza
 R - 4 beef jerkies


   Skills:
 - Level 9.7 Fighting
 - Level 16.5(16.6) Axes
   Level 2.0(11.3) Polearms
 - Level 9.5 Armour
 - Level 8.9 Dodging
 - Level 8.1 Shields
 * Level 4.5 Charms
 + Level 2.7 Air Magic


You couldn't memorise any spells.
You knew the following spells:

 Your Spells              Type           Power        Failure   Level  Hunger
a - Song of Slaying       Chrm           #.......     17%         2    ###....
b - Infusion              Chrm           #.....       12%         1    ##.....
c - Deflect Missiles      Chrm/Air       #.........   100%        6    #######
d - Swiftness             Chrm/Air       #.......     24%         2    ###....


Dungeon Overview and Level Annotations

Branches:
Dungeon (14/15)            Temple (1/1) D:7            Lair (0/8) D:11
    Orc (2/2) D:10            Elf (0/3) Orc:2
 Vaults: D:13-14

Altars:
Ashenzari
Dithmenos
Elyvilon
Gozag
Makhleb
Okawaru
Pakellas
Ru
Sif Muna
Yredelemnul
Zin
The Shining One
Beogh

Shops:
D:9 [   D:10 (   Orc:1 =

Portals:
Labyrinth: D:14


Innate Abilities, Weirdness & Mutations

You reflexively headbutt those who attack you in melee.
You have a pair of horns on your head.
You have a somewhat thin skeletal structure (Dex +2, Stealth).
You are agile. (Dex +2)


Message History

The catoblepas gores you!
* * * LOW HITPOINT WARNING * * *
The catoblepas breathes a plume of calcifying dust at you.
The blast of calcifying dust hits the catoblepas.
The blast of calcifying dust hits you!
The rakshasa weaves an illusion.
The catoblepas shimmers and seems to become two!
The catoblepas gores you but does no damage.
The catoblepas rams the ground with its head heavily.
You have turned to stone.
You are engulfed in calcifying dust.
The catoblepas gores you!!
* * * LOW HITPOINT WARNING * * *
The catoblepas gores you.
* * * LOW HITPOINT WARNING * * *
The catoblepas breathes a plume of calcifying dust at you.
The blast of calcifying dust hits the catoblepas.
The blast of calcifying dust hits you!
* * * LOW HITPOINT WARNING * * *
The catoblepas gores you!!
You die...

.. ..... ..
#.......#
.8.8.8.8.
#.......# .
.#...#.
#.......# ..
.$...
######.## .'
... #..# #.
##R# ##.#
#'#YY# #..
#.OYY# ##.
####@# ######
####§####
#.....
#.......#####
#.....
#...§.)∩....#
#.....
#.....)####.##
#.....
#......#
#..###.....
#......#
##...#.....
........#
###.'.....
###......#
###.....


You could see 4 catoblepae, a rakshasa and a two-headed ogre.

Vanquished Creatures
  Maud (Orc:1)
  The ghost of conein the Blocker, a journeyman MiFi of Okawaru (D:11)
  A hydra (D:13)
  The ghost of nublet the Transmogrifier, a journeyman DsTm (D:11)
  A centaur warrior (D:13)
  2 tengu warriors (D:14)
  The ghost of 4thArraOfDagon the Frost Mage, a novice DEIE of Cheibriados (D:14)
  An unseen horror (D:10)
  2 deep elf magi
  5 hill giants
  2 orc knights (Bailey)
  2 cyclopes (D:13)
  An ugly thing (D:13)
  A manticore (D:9)
  A kobold demonologist (D:14)
  A komodo dragon (D:11)
  2 trolls
  A two-headed ogre (shapeshifter) (D:13)
  A yaktaur (D:13)
  A two-headed ogre (D:12)
  The ghost of nublet the Ruffian, an amateur CeTm (D:3)
  Grinder (D:6)
  A shadow (D:11)
  2 wraiths
  8 yaks
  2 hungry ghosts
  2 hippogriffs
  Grum (D:11)
  4 vampire mosquitoes
  2 wyverns
  3 wargs
  Menkaure (D:5)
  2 wolves (D:11)
  A water moccasin (D:9)
  Duvessa (D:5)
  The ghost of Ijustatesigmund the Sneak, an amateur SpWr (D:5)
  3 porcupines (D:11)
  An ice beast (D:7)
  A phantom (D:11)
  A swamp drake (D:10)
  An eye of draining (D:10)
  11 orc warriors
  2 sky beasts
  3 centaurs
  14 ogres
  2 crocodiles
  2 necrophages
  A big kobold (D:14)
  Blork the orc (D:5)
  A gnoll sergeant (D:3)
  7 giant frogs
  3 wyvern zombies
  3 water moccasin skeletons
  Dowan (D:5)
  A scorpion (D:10)
  12 wights
  5 crimson imps
  4 jellies
  A centaur zombie (D:5)
  10 orc priests
  3 hounds
  A giant frog zombie (D:6)
  A centaur skeleton (D:7)
  3 gnoll shamans (D:3)
  2 iguanas
  3 giant frog skeletons
  Crazy Yiuf (D:2)
  14 orc wizards
  A killer bee zombie (D:5)
  14 worker ants
  3 mummies (Ossuary)
  2 worker ant zombies
  15 adders
  41 gnolls
  4 river rats (D:11)
  3 shadow imps
  10 oozes
  An adder skeleton (D:4)
  3 adder zombies
  2 worms
  3 giant geckos
  56 orcs
  5 giant cockroaches
  3 gnoll zombies (Ossuary)
  7 hobgoblins
  23 jackals
  30 kobolds
  7 quokkas
  5 ball pythons
  8 bats
  4 giant newts
  A gnoll skeleton (Ossuary)
  17 goblins
  2 goblin skeletons (Ossuary)
  3 goblin zombies (Ossuary)
  2 hobgoblin skeletons (Ossuary)
  4 hobgoblin zombies (Ossuary)
  3 kobold skeletons (Ossuary)
  5 kobold zombies (Ossuary)
  An orc skeleton (Ossuary)
  2 orc zombies (Ossuary)
  8 rats
  3 rat skeletons (Ossuary)
  2 rat zombies (Ossuary)
  2 bushes (D:11)
  A plant (D:3)
487 creatures vanquished.

Vanquished Creatures (others)
  An unseen horror (D:13)
  2 phantoms
  A mummy (Ossuary)
  A giant cockroach (D:5)
  A gnoll zombie (Ossuary)
  A gnoll skeleton (Ossuary)
  3 goblin skeletons (Ossuary)
  3 goblin zombies (Ossuary)
  A hobgoblin skeleton (Ossuary)
  A hobgoblin zombie (Ossuary)
  2 kobold skeletons (Ossuary)
  4 orc skeletons (Ossuary)
  2 rat skeletons (Ossuary)
  A rat zombie (Ossuary)
  A fungus (D:11)
  2 plants (D:11)
27 creatures vanquished.

Grand Total: 514 creatures vanquished

Notes
Turn   | Place    | Note
--------------------------------------------------------------
     0 | D:1      | deanyohobro the Minotaur Fighter began the quest for the Orb.
     0 | D:1      | Reached XP level 1. HP: 19/19 MP: 0/0
    61 | D:1      | Reached XP level 2. HP: 19/26 MP: 1/1
   319 | D:1      | Reached skill level 4 in Axes
   464 | D:2      | Reached XP level 3. HP: 31/31 MP: 2/2
   560 | D:2      | Reached skill level 1 in Dodging
   794 | D:2      | Noticed Crazy Yiuf
   802 | D:2      | Killed Crazy Yiuf
   802 | D:2      | Reached XP level 4. HP: 22/39 MP: 3/3
  1048 | D:2      | Reached skill level 5 in Axes
  1639 | D:3      | Noticed an ogre
  1658 | D:3      | Killed an ogre
  1658 | D:3      | Reached XP level 5. HP: 35/45 MP: 4/4
  1780 | D:3      | Noticed nublet's ghost (amateur CeTm)
  1785 | D:3      | Killed nublet's ghost
  1785 | D:3      | Reached skill level 6 in Axes
  1785 | D:3      | Reached skill level 5 in Shields
  1785 | D:3      | Reached XP level 6. HP: 40/51 MP: 5/5
  2112 | D:3      | Reached XP level 7. HP: 52/57 MP: 6/6
  2272 | D:3      | Reached skill level 7 in Axes
  2295 | D:3      | Reached skill level 5 in Dodging
  2296 | D:3      | HP: 2/57 [gnoll/flail (8)]
  2702 | D:3      | Reached skill level 1 in Polearms
  3332 | D:4      | Found a glowing silver altar of Zin.
  3396 | D:4      | Reached XP level 8. HP: 66/66 MP: 7/7
  3505 | D:4      | Found a shattered altar of Ashenzari.
  3756 | D:4      | Found a basalt altar of Yredelemnul.
  3757 | D:4      | Found a deep blue altar of Sif Muna.
  3870 | D:5      | Entered Level 5 of the Dungeon
  3870 | D:5      | Noticed Ijustatesigmund's ghost (amateur SpWr)
  3878 | D:5      | Killed Ijustatesigmund's ghost
  4347 | D:5      | Noticed Blork the orc
  4356 | D:5      | Killed Blork the orc
  4381 | D:5      | Reached skill level 5 in Fighting
  4381 | D:5      | Reached skill level 5 in Armour
  4622 | D:5      | Noticed Duvessa
  4624 | D:5      | Noticed Dowan
  4634 | D:5      | Killed Dowan
  4634 | D:5      | Reached skill level 8 in Axes
  4636 | D:5      | Killed Duvessa
  4929 | D:5      | Noticed Menkaure
  4932 | D:5      | Killed Menkaure
  5184 | D:6      | Reached XP level 9. HP: 69/75 MP: 8/8
  6078 | D:6      | Reached skill level 9 in Axes
  6524 | D:6      | Noticed Grinder
  6532 | D:6      | Killed Grinder
  6532 | D:6      | Reached skill level 10 in Axes
  6775 | D:6      | Found a shadowy altar of Dithmenos.
  6784 | D:6      | Became a worshipper of Dithmenos the Shadowed
  7078 | D:7      | Reached skill level 11 in Axes
  7140 | D:7      | Found a staircase to the Ecumenical Temple.
  7223 | Temple   | Entered the Ecumenical Temple
  7299 | D:7      | Found a sand-covered staircase.
  7304 | Ossuary  | Entered an ossuary
  7336 | Ossuary  | Reached * piety under Dithmenos
  7706 | D:7      | Found a flagged portal.
  7721 | Bailey   | Entered a bailey
  7791 | Bailey   | Reached ** piety under Dithmenos
  7851 | Bailey   | Noticed an orc knight
  7856 | Bailey   | Noticed an orc knight
  7868 | Bailey   | Killed an orc knight
  7868 | Bailey   | Reached skill level 12 in Axes
  7868 | Bailey   | Reached XP level 10. HP: 37/83 MP: 9/9
  7890 | Bailey   | Killed an orc knight
  8198 | D:7      | Reached skill level 13 in Axes
  8410 | D:7      | Found an iron altar of Okawaru.
  8766 | D:8      | Found an oddly glowing altar of Pakellas.
  8864 | D:8      | Found a glowing golden altar of the Shining One.
  9116 | D:8      | Gained mutation: You are agile. (Dex +2) [mutagenic meat]
  9408 | D:8      | Reached *** piety under Dithmenos
  9494 | D:9      | Reached skill level 14 in Axes
  9652 | D:9      | Found Ythran's Armour Emporium.
  9655 | D:9      | Bought the +2 ring mail "Nuer" {+Inv rN+ Dex+4} for 568 gold pieces
  9812 | D:9      | Noticed a manticore
  9819 | D:9      | Killed a manticore
 10513 | D:10     | Entered Level 10 of the Dungeon
 10688 | D:10     | Found Edusmiatz's Weapon Boutique.
 10794 | D:10     | Reached XP level 11. HP: 89/92 MP: 10/10
 10859 | D:10     | Found a staircase to the Orcish Mines.
 10931 | Orc:1    | Entered Level 1 of the Orcish Mines
 10980 | Orc:1    | Found Vienenul's Jewellery Boutique.
 11422 | Orc:1    | Found a roughly hewn altar of Beogh.
 11593 | Orc:1    | Noticed Maud
 11603 | Orc:1    | Killed Maud
 11882 | Orc:2    | Entered Level 2 of the Orcish Mines
 11892 | Orc:2    | Reached **** piety under Dithmenos
 12004 | Orc:2    | Noticed an orc warlord
 12010 | Orc:2    | Reached skill level 15 in Axes
 12029 | Orc:2    | Found a staircase to the Elven Halls.
 12567 | D:10     | Killed an unseen horror
 12831 | D:11     | Noticed nublet's ghost (journeyman DsTm)
 12833 | D:11     | Noticed Grum
 12837 | D:11     | Killed nublet's ghost
 12841 | D:11     | Killed Grum
 13219 | D:11     | Found a staircase to the Lair.
 13221 | D:11     | Noticed conein's ghost (journeyman MiFi)
 13232 | D:11     | Killed conein's ghost
 13233 | D:11     | Reached ***** piety under Dithmenos
 13284 | D:11     | Reached XP level 12. HP: 78/104 MP: 11/11
 13447 | D:11     | Upgraded the game from 0.18-a0-822-gb52b7b4 to 0.18-a0-824-g47fe746
 13497 | D:11     | Gained mutation: You have a somewhat thin skeletal structure (Dex +2, Stealth). [mutagenic meat]
 13902 | D:12     | Reached skill level 16 in Axes
 13928 | D:12     | Noticed a four-headed hydra
 13929 | D:12     | Noticed a centaur warrior
 13961 | D:13     | HP: 5/106 [six-headed hydra (4)]
 14403 | D:13     | Found a white marble altar of Elyvilon.
 14420 | D:13     | Learned a level 2 spell: Song of Slaying
 14430 | D:13     | Noticed a centaur warrior
 14441 | D:13     | Killed a centaur warrior
 14441 | D:13     | Reached skill level 1 in Charms
 14674 | D:13     | Learned a level 1 spell: Infusion
 14947 | D:13     | Learned a level 6 spell: Deflect Missiles
 15086 | D:13     | Killed a six-headed hydra
 15086 | D:13     | Reached skill level 1 in Air Magic
 15589 | D:13     | Learned a level 2 spell: Swiftness
 16012 | D:14     | Noticed 4thArraOfDagon's ghost (novice DEIE)
 16017 | D:14     | Killed 4thArraOfDagon's ghost
 16166 | D:14     | Found a labyrinth entrance.
 16178 | D:14     | Noticed a catoblepas
 16181 | D:14     | Noticed a rakshasa
 16199 | D:14     | Slain by a catoblepas (illusionary)

Vault maps used:
D:1:      lemuel_arrival_rhombus
D:2:      uniq_crazy_yiuf_cottage
D:3:      lemuel_castle_with_subvaults
D:4:      lemuel_crystal_altar, zin_academy, gammafunk_temple_overflow_statue,
          minmay_misc_feat_more_columns
D:5:      first_bread, lemuel_flame_loot_1, uniq_duvessa, uniq_blork_the_orc,
          uniq_menkaure
D:6:      nicolae_dithmenos_through_a_glass_darkly, uniq_grinder
D:7:      okawaru_altar_gauntlet_db, temple_statues, enter_ossuary_2,
          enter_bailey_3, eino_jars
D:8:      kennysheep_mini, nicolae_overflow_crystal_walls, minmay_misc_feat_iff
D:9:      serial_shops, kennysheep_mini_moat, hangedman_little_slice_of_home,
          minivault_1
D:10:     erik_orc_1, serial_shops, shop
D:11:     minmay_lair_entry_grove, uniq_grum
D:12:     serial_shops, shop, basic_altar, minivault_28
D:13:     serial_column_ruins, column_ruins_columns_dead_end,
          column_ruins_grid_1, column_ruins_open_small, column_ruins_open_small,
          column_ruins_grid_1, column_ruins_grid_4, elyvilon_altar_4
D:14:     erik_vaults_1, dk_noncrumbling_3, lab_entry_generic,
          serial_park_tiny_1
Temple:   triangle_lava_temple_12
Orc:1:    basic_altar, serial_shops,
          nicolae_shop_temple_entry_statues_fountains, uniq_maud
Orc:2:    grunt_orc_community_town_hall, grunt_orc_community_big_house_1,
          grunt_orc_community_big_house_1, grunt_orc_community_house_3,
          grunt_orc_community_house_1, grunt_orc_community_house_1,
          grunt_orc_community_house_1, grunt_orc_community_house_2,
          grunt_orc_community_house_3
Ossuary:  ossuary_due_pyramid
Bailey:   bailey_axe_1, bailey

Action                   |  1- 3 |  4- 6 |  7- 9 | 10-12 || total
-------------------------+-------+-------+-------+-------++-------
Melee: War axe           |    62 |    97 |   145 |       ||   304
       Spear             |       |       |    80 |       ||    80
       Broad axe         |       |       |    83 |       ||    83
       Battleaxe         |       |       |   190 |   173 ||   363
       Executioner's axe |       |       |       |   244 ||   244
       Quarterstaff      |       |       |       |    10 ||    10
Throw: Tomahawk          |       |       |       |     1 ||     1
Invok: Shadow Step       |       |       |       |     1 ||     1
Evoke: Wand              |       |       |     5 |    13 ||    18
       Deck              |       |       |       |     2 ||     2
  Use: Potion            |       |     1 |     7 |    13 ||    21
       Scroll            |       |       |    13 |    22 ||    35
 Stab: Sleeping          |     4 |     1 |     4 |     2 ||    11
       Distracted        |       |     1 |       |     1 ||     2
  Eat: Chunk             |       |     4 |    11 |    11 ||    26
       Meat ration       |       |       |     1 |     1 ||     2
       Bread ration      |       |       |     2 |     3 ||     5
       Pizza             |       |       |       |     1 ||     1
